idiot, lawful female human Samurai ------ -------- |....| ..%.%...\ ###.....| .G.h@%... |....| ...().... #########.....| ....%%%.. |....| ----[--- |....| ) ----.- ( # % ### ### # # ### ------.-- # ........--- #### |....<....| -----.--------- |....%....-### |.............| |.........| # |.............| ---.......| ##..............| --------- --------------- idiot the Kunoichi Experience level: 7 Strength: 17 Dexterity: 16 Constitution: 18 Intelligence: 11 Wisdom: 5 Charisma: 6 Health: 0(83) Energy: 22(22) Def: 6 Gold: 919 Moves: 2271 Dungeon seed: PtQlTwesf5DIc3Xn Game ID: idiot_1440761560 Your Inventory: Coins $ - 919 gold pieces Weapons a - a corroded +0 katana (weapon in hand) b - a +2 wakizashi d - 38 blessed +0 ya (in quiver) I - a +0 long sword U - a blessed +1 yumi (alternate weapon; not wielded) Armor e - a blessed rustproof +0 splint mail (being worn) O - an uncursed +0 cloak of magic resistance P - an uncursed +0 robe Comestibles u - 2 uncursed tripe rations K - an uncursed lichen corpse T - 2 uncursed lembas wafers Scrolls f - an uncursed scroll of confuse monster h - an uncursed scroll of magic mapping j - a cursed scroll of identify l - 2 uncursed scrolls of scare monster o - a blessed scroll of identify p - an uncursed scroll of light t - an uncursed scroll of enchant weapon B - an uncursed scroll of destroy armor M - an uncursed scroll of genocide X - 2 cursed scrolls of light Potions m - an uncursed potion of enlightenment x - an uncursed potion of polymorph W - a cursed potion of hallucination Z - an uncursed potion of extra healing Rings g - a cursed -1 ring of adornment Wands i - a wand of enlightenment (0:11) k - a wand of death (0:4) v - a wand of speed monster (0:4) C - a wand of slow monster (0:4) V - a wand of striking (0:1) Tools c - an uncursed stethoscope s - 9 uncursed tallow candles (0:200) D - 4 uncursed wax candles (0:400) J - an uncursed oil lamp (lit) (0:489) Q - an uncursed oil lamp (0:1084) Gems n - an uncursed topaz stone q - 2 uncursed worthless pieces of red glass r - 4 uncursed opals y - 2 uncursed worthless pieces of white glass H - an uncursed worthless piece of yellowish brown glass N - 2 uncursed worthless pieces of orange glass Y - 2 uncursed garnet stones Spells and supernatural/magical abilities: Name Level Category Fail Memory W - pray for help -- divine ? -- Your skills at the end: Fighting Skills martial arts [Basic] Weapon Skills short sword [Basic] long sword [Skilled] bow [Basic] shuriken [Basic] Spellcasting Skills Final Attributes: You were fervently aligned. You were fast. You were lucky. You are dead. Vanquished creatures: a quivering blob an iron piercer a gnome king 17 bugbears an Uruk-hai a rock piercer 10 gnome lords 5 gnomish wizards a gray ooze 4 elf zombies a straw golem a giant ant 2 little dogs a floating eye a kobold shaman 2 hill orcs 2 rothes 7 monkeys 2 acid blobs a large kobold 10 hobgoblins 31 gnomes 5 jackals 2 kobolds a goblin 7 bats 2 lichens a kobold zombie 3 newts 124 creatures vanquished. Voluntary challenges: You used a wielded weapon 202 times, starting on turn 4. You read items or engraved 5 times, starting on turn 230. You never genocided any monsters. You never polymorphed an object. You never changed form. You used no wishes. You never split a pudding. You wrote Elbereth's name 4 times, starting on turn 230. You never violated your personal moral code. Dungeon overview: The Dungeons of Doom: levels 1 to 6 Level 1 a long staircase Level 2 Level 3 a fountain stairs to The Gnomish Mines Level 4 a weapon shop Level 5 Level 6 <- You were here a throne The Gnomish Mines: levels 4 to 7 Level 4 stairs to The Dungeons of Doom Level 5 Level 6 Level 7 many shops, a temple to Susanowo, some fountains, a sink History has recorded: On T:1 you entered the Dungeons of Doom to retrieve the Amulet of Yendor! On T:144 you reached level 2 of The Dungeons of Doom. On T:249 you reached level 3 of The Dungeons of Doom. On T:363 you reached level 1 of The Gnomish Mines. On T:365 you advanced to experience level 2. On T:384 you reached level 2 of The Gnomish Mines. On T:387 you advanced to experience level 3. On T:458 you advanced to experience level 4. On T:626 you advanced to experience level 5. On T:709 you reached level 3 of The Gnomish Mines. On T:926 you reached level 4 of The Gnomish Mines. On T:955 you advanced to experience level 6. On T:1565 you reached level 4 of The Dungeons of Doom. On T:1630 you reached level 5 of The Dungeons of Doom. On T:1829 you advanced to experience level 7. On T:2037 you reached level 6 of The Dungeons of Doom. Score breakdown: Gold: 919 ( 91 points) Experience: 7 levels ( 600 points) Exploration: 7 levels ( 180 points) Discoveries: 4 items ( 200 points) Variety of kills: 29 monsters ( 1450 points) Major goal: (nothing yet) ( 0 points) Survival: died (score multiplied by 3) Total score: 7563 Latest messages: The hobgoblin puts on an orcish helm. p - an uncursed scroll labeled RATSANOPU. o - a blessed scroll labeled VENZAR BORGAVVE. h - an uncursed scroll labeled XIXAXA XOXAXA XUXAXA. m - an uncursed effervescent potion. x - an uncursed ruby potion. g - a cursed pearl ring. k - an uncursed wand called stop iron. i - an uncursed wand of enlightenment. C - an uncursed wand of slow monster. D - 4 uncursed candles. s - 9 uncursed candles. w - an uncursed pick-axe. N - 2 uncursed orange gems. Y - 2 uncursed red gems. y - 2 uncursed white gems. r - 2 uncursed white gems. n - an uncursed yellowish brown gem. You hit the bugbear! The bugbear thrusts one of his daggers. The bugbear hits! You die... Final status: Sayonara idiot the Samurai, killed by a bugbear... You died in The Dungeons of Doom on dungeon level 6 with 7563 points, and 919 pieces of gold, after 2271 moves. You were level 7 with a maximum of 83 hit points when you died.